AoeStats
← LaisTakara

Arena

508189769Analyzed
2v2 RM · 12d ago on Sep 21, 2026· 45m 55s· 4 players
Game mode
Random Map
Map size
Medium (4 player)
Population
200
Speed
Normal
Resources
Standard
Victory
Conquest
Starting age
Dark Age
Ending age
Imperial Age
RankedLock teamsTeams togetherTeam positionsShared explorationLock speedFull tech treeHidden civsTurbo modeCheats
Victory
Defeat
622
+12
🇦🇺 Koreans · Australia
532
+15
🇹🇷 Khmer · Türkiye
575
-16
🇵🇹 Cumans · Portugal
462
-11
Pochita
0:28 Loom
11:22 Feudal Age
15:39 Castle Age
13:56 Horse Collar
14:14 Double-Bit Axe
16:35 Wheelbarrow
牛人玩牛牛游!
10:03 Feudal Age
11:07 Double-Bit Axe
13:01 Wheelbarrow
14:04 Horse Collar
21:32 Castle Age
19:34 Gold Mining
20:00 Stone Mining
20:38 Man-at-Arms
25:20 Hand Cart
24:59 Long Swordsman
31:47 Imperial Age
29:42 Bow Saw
29:33 Heavy Plow
30:13 Gold Shaft Mining
30:13 Stone Shaft Mining
33:50 Conscription
37:17 Chemistry
36:37 Ballistics
37:29 Crop Rotation
41:21 Two-Man Saw
zKan
0:34 Loom
11:11 Feudal Age
12:40 Double-Bit Axe
17:08 Castle Age
15:25 Man-at-Arms
17:17 Stone Mining
18:41 Horse Collar
25:52 Bow Saw
25:51 Pikeman
27:59 Arson
30:24 Heavy Plow
33:52 Wheelbarrow
35:54 Gold Mining
36:42 Stone Shaft Mining
37:06 Husbandry
37:17 Bloodlines
38:46 Fortified Wall
39:40 Gold Shaft Mining
40:04 Hand Cart
43:34 Imperial Age
45:29 Crop Rotation
LaisTakara
4:11 Loom
17:04 Feudal Age
27:58 Castle Age
25:45 Town Watch
26:06 Horse Collar
26:15 Double-Bit Axe
Connection lost

Rejoining the realm…

Still unreachable

The connection could not be restored.

Session expired

The server has moved on; the page needs a fresh start.